 Dungeon Crawl Stone Soup version 0.29.1-1-gd02db6906a (webtiles) character file.

Game seed: 3677024307919480787

126 RogueRain17 the Shooter (level 4, -1/49 HPs)
             Began as a Demonspawn Hunter on Oct 2, 2022.
             Slain by Sigmund
             ... wielding a +0 scythe
              (9 damage)
             ... on level 4 of the Dungeon.
             The game lasted 00:06:07 (2808 turns).

RogueRain17 the Shooter (Demonspawn Hunter)         Turns: 2808, Time: 00:06:08

Health: -1/49      AC:  4    Str: 11    XL:     4   Next: 83%
Magic:  4/4        EV: 12    Int: 10    God:
Gold:   234        SH:  0    Dex: 19    Spells: 3/3 levels left

rFire   . . .      SeeInvis .   a - +0 shortbow
rCold   . . .      Faith    .   (shield currently unavailable)
rNeg    + . .      Spirit   .   c - +0 leather armour
rPois   .          Reflect  .   (no helmet)
rElec   .          Harm     .   (no cloak)
rCorr   .          Rampage  .   (no gloves)
Will    .....                   (no boots)
Stlth   ..........              (no amulet)
HPRegen 0.16/turn               p - ring of positive energy
MPRegen 0.09/turn               (no ring)

@: mighty, berserking (expiring), flying, very quick
A: powered by pain 1, sharp scales 1
a: no special abilities


You were on level 4 of the Dungeon.
You visited 1 branch of the dungeon, and saw 4 of its levels.

You collected 234 gold pieces.

Inventory:

Hand Weapons
 a - a +0 shortbow (weapon)
 n - a +0 sling
Missiles
 e - a throwing net
Armour
 c - a +0 leather armour (worn)
Jewellery
 p - a ring of positive energy (left hand)
Scrolls
 b - 3 scrolls of immolation
 f - a scroll of identify
 i - 2 scrolls of noise
 j - 2 scrolls of vulnerability
 m - a scroll of poison {unknown}
 r - a scroll of silence {unknown}
Potions
 g - 2 potions of flight
 l - a potion of ambrosia {unknown}
 o - a potion of attraction {unknown}
 q - a potion of cancellation {unknown}


   Skills:
 - Level 2.0 Fighting
 + Level 5.7 Ranged Weapons
 - Level 1.7 Dodging
 - Level 0.8 Stealth


You had 3 spell levels left.
You didn't know any spells.
Your spell library was empty.

Dungeon Overview and Level Annotations

Branches:
Dungeon (4/15)
 Temple: D:4-7

Altars:

Annotations:
D:4 Edmund, Sigmund


Innate Abilities, Weirdness & Mutations

You sometimes gain a little power by taking damage.
You are partially covered in razor-sharp scales. (AC +1, Slay +1)


Message History

Aim: Sigmund, wielding a +0 scythe and wearing a +0 robe (moderately wounded, 62% to hit)
You shoot an arrow. The arrow completely misses Sigmund.
Sigmund casts a spell at you. The puff of flame hits you.
Fire: a) +0 shortbow
Press: ? - help, Q - select action, (/) - cycle Shift-Dir - straight line, f/p - Sigmund
Aim: Sigmund, wielding a +0 scythe and wearing a +0 robe (moderately wounded, 62% to hit)
You shoot an arrow. The arrow hits Sigmund.
Sigmund is heavily wounded.
Sigmund gestures at you while chanting. The magic dart hits you!
Fire: a) +0 shortbow
Press: ? - help, Q - select action, (/) - cycle Shift-Dir - straight line, f/p - Sigmund
Aim: Sigmund, wielding a +0 scythe and wearing a +0 robe (heavily wounded, 62% to hit)
You shoot an arrow. The arrow barely misses Sigmund.
Sigmund hits you from afar with a +0 scythe!
* * * LOW HITPOINT WARNING * * *
It was a potion of berserk rage.
A red film seems to cover your vision as you go berserk!
You feel yourself moving faster!
You feel mighty! Sigmund casts a spell at you. The magic dart hits you.
* * * LOW HITPOINT WARNING * * *
You are too berserk!
Unknown command.
You are too berserk!
You feel a strong urge to attack something.
Sigmund barely misses you.
Really attack while wielding your +0 shortbow? [Y]es or [N]o only, please.
Really attack while wielding your +0 shortbow?
You closely miss Sigmund.
Sigmund is heavily wounded.
You completely miss Sigmund.
Sigmund is heavily wounded.
Sigmund misses you.
You closely miss Sigmund.
Sigmund is heavily wounded.
Sigmund hits you with a +0 scythe!
You die...

### ############# #..
............##########.#
#.@@................
#.#####.############ #
#.# ###### #.# #.....
#.# #.#### #.#######.#
#.........# #
################.
#................


You could see Sigmund.

Vanquished Creatures
  An adder (D:3)
  5 gnolls
  A worm (D:2)
  A dart slug (D:1)
  An orc (D:4)
  4 ball pythons
  3 bats
  2 endoplasms
  5 giant cockroaches
  6 goblins
  10 hobgoblins
  3 jackals (D:3)
  3 quokkas
  4 frilled lizards
  2 kobolds
  7 rats
58 creatures vanquished.

Notes
Turn   | Place    | Note
-------+----------+-------------------------------------------
     0 | D:1      | RogueRain17 the Demonspawn Hunter began the quest for the
                  | Orb.
     0 | D:1      | Reached XP level 1. HP: 16/16 MP: 1/1
    45 | D:1      | Found a faded altar of an unknown god.
   110 | D:1      | Reached skill level 4 in Ranged Weapons
   112 | D:1      | Gained mutation: You sometimes gain a little power by
                  | taking damage. [demonic ancestry]
   112 | D:1      | Reached XP level 2. HP: 14/22 MP: 2/2
   729 | D:1      | Gained mutation: You are partially covered in razor-sharp
                  | scales. (AC +1, Slay +1) [demonic ancestry]
   729 | D:1      | Reached XP level 3. HP: 27/27 MP: 3/3
  1327 | D:2      | Reached skill level 5 in Ranged Weapons
  1331 | D:2      | HP: 1/27 [gnoll/+0 spear (8)]
  1332 | D:2      | Reached XP level 4. HP: 2/33 MP: 4/4
  2451 | D:4      | Noticed Edmund
  2794 | D:4      | Noticed Sigmund
  2808 | D:4      | Slain by Sigmund

Illustrated notes

Levels and vault maps discovered:
D:1:      dpeg_arrival_connections, layout_loops_corners,
          shapermc_ecumenical_altar_starsandcircs
D:2:      layout_loops_ring
D:3:      layout_rooms, lemuel_tele_altar
D:4:      layout_basic, nicolae_ossuary_entry_giza, kennysheep_small_square,
          uniq_ijyb, uniq_edmund, uniq_sigmund

Skill      XL: |  1  2  3 |
---------------+----------+-----
Ranged Weapons | 4 5 |  5.7
Fighting       | |  2.0
Dodging        | |  1.7
Stealth        | |  0.8

Action                   |  1- 3 |  4- 6 || total
-------------------------+-------+-------++-------
Melee: Shortbow          |       |     3 ||     3
 Fire: Shortbow          |    68 |    77 ||   145
  Use: Potion            |       |     7 ||     7
       Scroll            |       |     4 ||     4
Armor: Leather armour    |     5 |     7 ||    12
Dodge: Dodged            |    20 |    23 ||    43
